AoeStats
← 297539664

Arena

509601966Analyzed
4v4 RM · 6d ago on Sep 27, 2026· 55m 47s· 8 players
Game mode
Random Map
Map size
Large (8 player)
Population
200
Speed
Normal
Resources
Standard
Victory
Conquest
Starting age
Dark Age
Ending age
Imperial Age
RankedLock teamsTeams togetherTeam positionsShared explorationLock speedFull tech treeHidden civsTurbo modeCheats
Victory
Defeat
🇩🇪 Mongols · Germany
1573
+11
🇩🇪 Gurjaras · Germany
1513
+13
🇩🇪 Byzantines · Germany
1372
+19
🇩🇪 Hindustanis · Germany
1241
+24
🇲🇽 Cumans · Mexico
1468
-18
🇨🇳 Khmer · China
1463
-18
🇳🇿 Ethiopians · New Zealand
1427
-16
🇨🇳 Franks · China
1404
-15
Öl1ng
7:39 Feudal Age
5:56 Loom
8:30 Double-Bit Axe
11:21 Horse Collar
13:41 Wheelbarrow
12:52 Town Watch
20:08 Castle Age
20:11 Gold Mining
21:20 Fletching
22:13 Bodkin Arrow
28:42 Imperial Age
27:49 Bow Saw
31:42 Bracer
32:38 Ballistics
32:52 Stone Mining
33:18 Padded Archer Armor
37:21 Hand Cart
37:18 Heavy Plow
38:34 Stone Shaft Mining
40:45 Leather Archer Armor
42:27 Chemistry
43:18 Fortified Wall
43:18 Masonry
44:08 Bloodlines
43:59 Husbandry
44:12 Thumb Ring
44:33 Parthian Tactics
44:45 Elite Mangudai
48:14 Light Cavalry
49:00 Scale Barding Armor
49:05 Forging
49:45 Hussar
50:46 Chain Barding Armor
51:14 Iron Casting
50:57 Caravan
51:28 Coinage
51:57 Conscription
52:15 Hoardings
Scol1ng
10:20 Feudal Age
11:49 Double-Bit Axe
14:37 Castle Age
12:46 Horse Collar
15:37 Bow Saw
17:34 Heavy Plow
18:07 Fervor
19:16 Wheelbarrow
22:40 Hand Cart
24:27 Gold Mining
24:32 Stone Mining
29:46 Imperial Age
27:04 Loom
27:06 Town Watch
27:52 Scale Mail Armor
28:17 Sanctity
28:33 Forging
28:13 Treadmill Crane
28:44 Fortified Wall
29:21 Gold Shaft Mining
29:24 Stone Shaft Mining
29:10 Kshatriyas
30:32 Iron Casting
30:12 Chain Mail Armor
31:34 Conscription
31:48 Elite Chakram Thrower
33:14 Plate Mail Armor
33:25 Hoardings
32:54 Husbandry
33:04 Bloodlines
33:36 Arson
34:01 Scale Barding Armor
34:19 Caravan
36:23 Chain Barding Armor
36:03 Elite Shrivamsha Rider
38:07 Plate Barding Armor
37:40 Light Cavalry
39:13 Crop Rotation
40:11 Masonry
40:21 Ballistics
41:01 Chemistry
39:28 Hussar
40:05 Fletching
40:17 Padded Archer Armor
40:22 Heavy Camel Rider
42:35 Bodkin Arrow
42:55 Leather Archer Armor
42:13 Sappers
46:15 Bracer
46:49 Architecture
46:15 Murder Holes
46:11 Guard Tower
46:11 Heated Shot
105er.DarkSheep
8:39 Feudal Age
7:30 Loom
9:16 Double-Bit Axe
9:12 Horse Collar
14:44 Fletching
17:22 Wheelbarrow
20:54 Castle Age
19:26 Gold Mining
19:26 Stone Mining
22:16 Bow Saw
27:25 Hand Cart
29:46 Scale Mail Armor
33:28 Imperial Age
31:41 Gold Shaft Mining
30:57 Stone Mining
32:01 Fortified Wall
31:44 Pikeman
32:56 Squires
34:24 Chain Mail Armor
34:21 Halberdier
35:14 Forging
35:48 Ballistics
36:27 Plate Mail Armor
36:33 Iron Casting
38:36 Chemistry
37:03 Capped Ram
38:32 Bodkin Arrow
42:08 Ballistics
43:29 Elite Skirmisher
44:11 Bracer
44:11 Padded Archer Armor
44:45 Thumb Ring
44:56 Caravan
44:33 Siege Ram
45:44 Elite Varangian Guard
48:02 Two-Man Saw
47:03 Heavy Plow
47:05 Gambesons
47:37 Leather Archer Armor
48:56 Ring Archer Armor
48:48 Conscription
48:59 Logistica
49:52 Arson
52:10 Treadmill Crane
53:13 Hoardings
52:06 Elite Cataphract
54:19 Scale Barding Armor
54:27 Guard Tower
54:22 Arrowslits
55:55 Keep
Itzknixi
10:34 Feudal Age
14:59 Castle Age
12:54 Double-Bit Axe
12:51 Horse Collar
18:19 Heavy Plow
21:59 Gold Mining
22:37 Bow Saw
24:06 Wheelbarrow
25:06 Masonry
27:42 Imperial Age
28:02 Gold Shaft Mining
29:39 Chemistry
28:46 Fletching
28:59 Padded Archer Armor
29:21 Hand Cart
29:58 Ballistics
31:24 Two-Man Saw
30:51 Stone Mining
31:22 Loom
31:26 Town Watch
32:02 Leather Archer Armor
34:31 Conscription
36:03 Ring Archer Armor
35:37 Shatagni
36:06 Heavy Camel Rider
36:59 Bloodlines
36:49 Husbandry
37:19 Grand Trunk Road
38:12 Forging
38:07 Scale Barding Armor
37:51 Imperial Camel Rider
39:33 Masonry
40:10 Iron Casting
39:58 Chain Barding Armor
43:29 Plate Barding Armor
44:02 Blast Furnace
43:53 Caravan
44:41 Light Cavalry
50:01 Hussar
VX | Obligame Perro!
8:17 Feudal Age
9:28 Double-Bit Axe
9:47 Loom
12:17 Fletching
22:21 Wheelbarrow
25:22 Castle Age
24:00 Scale Barding Armor
25:05 Padded Archer Armor
25:48 Gold Mining
25:58 Bodkin Arrow
27:22 Forging
27:29 Leather Archer Armor
27:45 Capped Ram
31:31 Hand Cart
32:25 Ballistics
33:33 Town Watch
36:21 Imperial Age
36:26 Siege Ram
36:36 Heavy Cavalry Archer
37:53 Bloodlines
38:13 Conscription
38:39 Parthian Tactics
39:37 Light Cavalry
41:00 Elite Skirmisher
42:33 Hussar
43:51 Scale Mail Armor
44:22 Ring Archer Armor
43:51 Pikeman
44:31 Squires
44:47 Chain Mail Armor
44:53 Chain Barding Armor
45:04 Halberdier
47:08 Plate Mail Armor
47:15 Iron Casting
48:37 Plate Barding Armor
297539664
9:44 Feudal Age
13:28 Castle Age
11:53 Double-Bit Axe
14:39 Bow Saw
24:19 Gold Mining
25:51 Gold Shaft Mining
26:57 Wheelbarrow
29:04 Imperial Age
26:45 Pikeman
27:26 Squires
27:12 Arson
27:30 Scale Mail Armor
28:53 Forging
28:49 Scale Barding Armor
29:00 Chain Mail Armor
29:11 Halberdier
30:21 Husbandry
29:42 Cavalier
32:34 Plate Mail Armor
32:40 Iron Casting
32:26 Chain Barding Armor
33:51 Chemistry
32:47 Paladin
35:57 Blast Furnace
35:23 Hand Cart
35:39 Padded Archer Armor
35:30 Fletching
36:21 Elite Skirmisher
38:12 Leather Archer Armor
40:20 Bodkin Arrow
43:12 Conscription
45:20 Plate Barding Armor
45:42 Light Cavalry
D哥
9:39 Feudal Age
12:53 Castle Age
11:35 Double-Bit Axe
11:54 Horse Collar
15:34 Bow Saw
21:37 Wheelbarrow
26:21 Imperial Age
23:38 Loom
23:54 Gold Mining
26:16 Gold Shaft Mining
26:19 Scale Mail Armor
26:30 Forging
25:41 Pikeman
26:06 Arson
26:27 Halberdier
27:23 Chain Mail Armor
26:33 Capped Ram
28:05 Iron Casting
28:17 Man-at-Arms
28:56 Siege Ram
30:04 Long Swordsman
31:47 Blast Furnace
30:53 Two-Handed Swordsman
32:06 Hand Cart
31:53 Heavy Plow
32:45 Double Crossbow
32:53 Stone Mining
33:40 Ballistics
34:20 Chemistry
33:32 Siege Engineers
34:32 Conscription
36:25 Stone Shaft Mining
36:11 Elite Ballista Elephant
38:54 Town Watch
40:32 Masonry
40:18 Murder Holes
40:33 Fortified Wall
40:54 Fletching
42:56 Bodkin Arrow
43:14 Husbandry
43:24 Bloodlines
42:36 Light Cavalry
43:13 Hussar
44:00 Scale Barding Armor
45:18 Chain Barding Armor
45:39 Bracer
47:06 Plate Barding Armor
46:32 Padded Archer Armor
46:39 Crossbowman
47:13 Arbalester
48:04 Elite Skirmisher
49:01 Leather Archer Armor
Wouldn'tyouknow
9:21 Feudal Age
10:52 Loom
13:59 Castle Age
12:11 Double-Bit Axe
15:09 Horse Collar
25:24 Wheelbarrow
26:06 Gold Mining
27:22 Heavy Plow
31:52 Imperial Age
30:12 Hand Cart
30:00 Fletching
30:05 Town Watch
31:31 Bow Saw
31:50 Bodkin Arrow
32:36 Bracer
32:37 Padded Archer Armor
33:29 Conscription
32:44 Crossbowman
33:29 Thumb Ring
33:32 Arbalester
34:51 Leather Archer Armor
37:09 Ring Archer Armor
37:21 Ballistics
38:17 Stone Mining
39:02 Gold Shaft Mining
39:37 Fortified Wall
39:35 Siege Engineers
42:03 Chemistry
42:54 Masonry
45:30 Scale Mail Armor
45:41 Forging
45:39 Halberdier
46:20 Squires
47:32 Chain Mail Armor
48:57 Torsion Engines
51:15 Plate Mail Armor
Connection lost

Rejoining the realm…

Still unreachable

The connection could not be restored.

Session expired

The server has moved on; the page needs a fresh start.